 Dungeon Crawl Stone Soup version 0.16-a0-1885-g0f03bb0 (webtiles) character file.

137 timbw the Chopper (level 5, -10/27 HPs)
             Began as a Vine Stalker Berserker on Nov 6, 2014.
             Was a Follower of Trog.
             Hit by a tomahawk thrown by an orc warrior (16 damage)
             ... on level 5 of the Dungeon.
             The game lasted 00:01:15 (196 turns).

timbw the Chopper (Vine Stalker Berserker)           Turns: 196, Time: 00:01:15

Health: -10/27     AC:  2    Str: 19    XL:     5   Next: 20%
Magic:  0/7        EV: 12    Int:  7    God:    Trog [*.....]
Gold:   33         SH:  0    Dex: 15    Spells: 0 memorised, 4 levels left

rFire  . . .     SeeInvis .     a - +0 hand axe
rCold  . . .     Clarity  .     b - +0 animal skin
rNeg   . . .     SustAb   .     (no shield)
rPois  .         Gourm    .     (no helmet)
rElec  .         Spirit   +     (no cloak)
rCorr  .         Warding  .     (no gloves)
rMut   .         Stasis   .     (no boots)
MR     .....                    (no amulet)
Stlth  +.........               (no ring)
                                (no ring)

@: exhausted, not resistant to hostile enchantments, very unstealthy
A: fangs 2, regeneration 1, magic shield, antimagic bite, no device heal 3, rot
immunity
a: Burn Spellbooks, Berserk, Renounce Religion


You were on level 5 of the Dungeon.
You worshipped Trog.
Trog was aware of your devotion.
You were hungry.

You visited 1 branch of the dungeon, and saw 5 of its levels.

You collected 33 gold pieces.

Inventory:

Hand weapons
 a - a +0 hand axe (weapon)
Armour
 b - a +0 animal skin (worn)
Magical devices
 g - a wand of magic darts (22)
Scrolls
 d - a scroll of teleportation {unknown}
 h - a scroll of enchant weapon {unknown}
Potions
 e - a potion of curing {unknown}
Comestibles
 c - a bread ration
 f - a royal jelly


   Skills:
 - Level 2.6 Fighting
 + Level 5.2 Axes
 - Level 1.5 Armour
 - Level 1.5 Dodging


You had 4 spell levels left.
You didn't know any spells.

Dungeon Overview and Level Annotations

Branches:
Dungeon (5/15)
 Temple: D:4-7

Altars:


Innate Abilities, Weirdness & Mutations

You have extremely sharp teeth.
Your natural rate of healing is unusually fast.
When hurt, damage is shared between your health and your magic reserves.
Your bite disrupts and absorbs the magic of your enemies.
Potions and wands cannot restore your health.
You are immune to rotting.


Message History

You hit the orc zombie. The orc zombie hits you.
You hit the orc zombie.
You destroy the orc zombie!
Eat which item? (? for menu, Esc to quit)
You can't eat that!
Found 5 gold pieces.
h - a scroll labeled BOTZIAQUUD An orc warrior comes into view.
It is wielding a long sword.
The orc warrior throws a tomahawk.
The tomahawk hits you!
You see here a tomahawk.
Unknown command.
The orc warrior throws a tomahawk.
The tomahawk closely misses you.
The orc warrior throws a tomahawk.
The tomahawk hits you!!
Ouch! That really hurt!
* * * LOW HITPOINT WARNING * * *
You see here 2 tomahawks.
You feel yourself speed up.
The orc warrior throws a tomahawk.
The tomahawk hits you!
Ouch! That really hurt!
You die...

#.......#####
####...## ##..#
#..## #########
#...#######.......#
##....).........#
#...####..†..###
##### ###...##
#@...## ##.....#
#.(....# #...####
#..## #(## #..#
#..# $.o#


You could see an orc warrior.

Vanquished Creatures
  An ogre (D:5)
  A worker ant (D:4)
  An ogre skeleton (D:4)
  An ooze (D:3)
  2 giant cockroaches
  3 hobgoblins
  3 kobolds
  A bat (D:3)
  3 goblins
  An orc zombie (D:5)
  A rat (D:5)
18 creatures vanquished.

Notes
Turn   | Place    | Note
--------------------------------------------------------------
     0 | D:1      | timbw, the Vine Stalker Berserker, began the quest for the Orb.
     0 | D:1      | Reached XP level 1. HP: 11/11 MP: 1/1
    76 | D:3      | Reached skill level 3 in Axes
    78 | D:3      | Reached XP level 2. HP: 16/16 MP: 3/3
   117 | D:4      | Reached XP level 3. HP: 12/19 MP: 1/4
   122 | D:4      | Reached skill level 4 in Axes
   122 | D:4      | Reached XP level 4. HP: 13/23 MP: 0/5
   134 | D:4      | Noticed a phantom
   147 | D:5      | Entered Level 5 of the Dungeon
   161 | D:5      | Noticed an ogre
   170 | D:5      | Killed an ogre
   170 | D:5      | Reached skill level 5 in Axes
   170 | D:5      | Reached XP level 5. HP: 27/27 MP: 7/7
   191 | D:5      | Noticed an orc warrior
   196 | D:5      | Hit by a tomahawk thrown by an orc warrior

Action                   |  1- 3 |  4- 6 || total
-------------------------+-------+-------++-------
Melee: Hand axe          |    21 |    10 ||    31
Invok: Berserk           |     2 |     1 ||     3
